 Dungeon Crawl Stone Soup version 0.30-a0-1158-gd85ba11b5a (webtiles) character file.

Game seed: 8988024223219813193

29 tilp the Digger (level 3, 0/28 HPs)
             Began as a Meteoran Earth Elementalist on Apr 24, 2023.
             Killed from afar by Ijyb (7 damage)
             ... with a puff of flame
             ... on level 3 of the Dungeon.
             The game lasted 00:02:53 (485 turns).

tilp the Digger (Meteoran Earth Elementalist)        Turns: 485, Time: 00:02:54

Health: 0/28       AC:  2    Str: 10    XL:     3   Next: 52%
Magic:  5/8        EV: 12    Int: 18    God:
Gold:   47         SH:  0    Dex: 14    Spells: 3/7 levels left

rFire   . . .        a - +0 mace
rCold   . . .        (no shield)
rNeg    . . .        c - +0 robe
rPois   .            (no helmet)
rElec   .            (no cloak)
rCorr   .            (no gloves)
SInv    .            (no boots)
Will    .....        (no amulet)
Stlth   +            (no ring)
HPRegen 0.24/turn    (no ring)
MPRegen 0.11/turn

%: no passive effects
@: glowing
A: sense surroundings 1, otherworldly, glowing, explore regen
a: no special abilities


You were on level 3 of the Dungeon.
You visited 1 branch of the dungeon, and saw 3 of its levels.

You collected 47 gold pieces.

Inventory:

Hand Weapons
 a - a +0 mace (weapon)
Missiles
 h - 14 stones
 k - 3 poisoned darts (quivered)
Armour
 c - a +0 robe (worn)
Scrolls
 l - a scroll of enchant weapon {unknown}
 m - a scroll of poison {unknown}
 p - a scroll of blinking {unknown}
Potions
 b - a potion of magic
 d - 2 potions of curing {unknown}
 e - a potion of resistance {unknown}
 f - a potion of haste {unknown}
 g - a potion of mutation {unknown}
 i - a potion of lignification {unknown}
 j - 2 potions of invisibility {unknown}
 n - a potion of might {unknown}
 o - a potion of degeneration {unknown}


   Skills:
 * Level 1.5 Fighting
 + Level 0.8 Maces & Flails
 + Level 2.7 Dodging
 - Level 1.4 Stealth
 + Level 2.9 Spellcasting
 + Level 0.0 Conjurations
 - Level 1.2 Transmutations
 * Level 4.1 Earth Magic


You had 3 spell levels left.
You knew the following spells:

 Your Spells              Type           Power      Damage    Failure   Level
a - Sandblast             Erth           34%        2d9       3%          1
b - Stone Arrow           Conj/Erth      20%        3d8       22%         3

Your spell library contained the following spells:

 Spells                   Type           Power      Damage    Failure   Level
 Passwall                 Tmut/Erth      10%        N/A       9%          2
 Petrify                  Tmut/Erth      12%        N/A       47%         4


Dungeon Overview and Level Annotations

Branches:
Dungeon (3/15) Zot: 1295

Altars:
Fedhas
Okawaru
Trog

Annotations:
D:3 Ijyb


Innate Abilities, Weirdness & Mutations

You passively map a small area around you.
You are easily found by Zot.
You glow in the dark.
You regain HP and MP as you explore.


Message History

The blast of sand hits the endoplasm.
You kill the endoplasm!
Ijyb zaps a wand.
The puff of flame hits you!
Unknown command.
Casting: Sandblast (safe; 3% risk of failure)
Confirm with . or Enter, or press ? or * to list all spells.
The spell is quite dangerous to miscast (22% risk of failure)!
Continue anyway?
Okay, then.
Unknown command.
Casting: Stone Arrow (quite dangerous; 22% risk of failure)
Confirm with . or Enter, or press ? or * to list all spells.
The spell is quite dangerous to miscast (22% risk of failure)!
Continue anyway?
Okay, then.
Casting: Stone Arrow (quite dangerous; 22% risk of failure)
Confirm with . or Enter, or press ? or * to list all spells.
Aiming: Sandblast (safe; 3% risk of failure)
Press: ? - help, Shift-Dir - straight line, f - Ijyb
Aim: Ijyb, wielding a +0 club, wearing a +0 leather armour and carrying a wand of flame (23) (77% to hit)
The blast of sand hits Ijyb.
Ijyb is lightly wounded.
Ijyb screams, "Me very upset!"
Ijyb hits you with a +0 club.
Casting: Sandblast (safe; 3% risk of failure)
Confirm with . or Enter, or press ? or * to list all spells.
Aiming: Sandblast (safe; 3% risk of failure)
Press: ? - help, Shift-Dir - straight line, f/p - Ijyb
Aim: Ijyb, wielding a +0 club, wearing a +0 leather armour and carrying a wand of flame (23) (lightly wounded, 77% to hit)
The blast of sand hits Ijyb!
Ijyb is heavily wounded.
Ijyb closely misses you. Ijyb hits you with a +0 club.
* * * LOW HITPOINT WARNING * * *
Casting: Sandblast (safe; 3% risk of failure)
Confirm with . or Enter, or press ? or * to list all spells.
Aiming: Sandblast (safe; 3% risk of failure)
Press: ? - help, Shift-Dir - straight line, f/p - Ijyb
Aim: Ijyb, wielding a +0 club, wearing a +0 leather armour and carrying a wand of flame (23) (heavily wounded, 77% to hit)
The blast of sand hits Ijyb.
Ijyb is severely wounded.
Ijyb zaps a wand.
The puff of flame hits you!
You die...

.....).....#....### ,
,
..##....#####.#...#**
* #.......#...#.###.#
*
#####..##._.#.....##
* #..##....#####'# *
#..#######.. #.# *, ,
#..# #.##.# ,* #..#
#.g..# *, , ##@.##*
##..# ##.#*, * ... ,
* *###. , , , * * ..
* * . , * ,


You could see Ijyb.

Vanquished Creatures
  A dart slug (D:1)
  3 bats
  4 endoplasms
  A giant cockroach (D:1)
  2 goblins
  2 hobgoblins (D:1)
  3 kobolds
  A quokka (D:1)
  5 ball pythons
  A frilled lizard (D:1)
  2 rats
25 creatures vanquished.

Notes
Turn   | Place    | Note
-------+----------+-------------------------------------------
     0 | D:1      | tilp the Meteoran Earth Elementalist began the quest for
                  | the Orb.
     0 | D:1      | Reached XP level 1. HP: 14/14 MP: 5/5
    73 | D:1      | Reached XP level 2. HP: 22/22 MP: 3/6
   142 | D:2      | Reached skill level 1 in Fighting
   252 | D:1      | Reached skill level 4 in Earth Magic
   252 | D:1      | Reached XP level 3. HP: 28/28 MP: 6/8
   319 | D:2      | Found a bloodstained altar of Trog.
   448 | D:3      | Found an iron altar of Okawaru.
   464 | D:3      | Found a blossoming altar of Fedhas.
   469 | D:3      | Learned a level 3 spell: Stone Arrow
   481 | D:3      | Noticed Ijyb
   485 | D:3      | Killed from afar by Ijyb

Illustrated notes

Levels and vault maps discovered:
D:1:      ncdulo_smallfort, layout_basic
D:2:      layout_loops_ring, basic_altar
D:3:      due_chaos_kobolds, layout_rooms, mainiacjoe_overflow_catwalk,
          mainiacjoe_overflow_swirl, nicolae_shop_unique_rings,
          minmay_misc_feat_columns, minmay_misc_feat_plants, nicolae_wormholes,
          uniq_sigmund, uniq_ijyb, uniq_crazy_yiuf_cottage, uniq_grinder

Skill      XL: |  1  2 |
---------------+-------+-----
Fighting       | 1 |  1.5
Earth Magic    | 4 |  4.1
Maces & Flails | |  0.8
Dodging        | |  2.7
Stealth        | |  1.4
Spellcasting   | |  2.9
Transmutations | |  1.2

Action                     || total
---------------------------++-------
  Melee: Hand axe          ||     4
   Cast: Sandblast         ||    37
    Use: Scroll            ||     2
 Armour: Robe              ||     5
  Dodge: Dodged            ||    11

Table legend: (Time is in decaauts)
 A = Elapsed time spent in this place.
 B = Non-inter-level travel time spent in this place.
 C = Inter-level travel time spent in this place.
 D = Time resting spent in this place.
 E = Time spent auto-exploring this place.
 F = Levels seen in this place.
 G = Mean time per level.
                   A        B        C        D        E       F      G
               +--------+--------+--------+--------+--------+-----+--------+
         Total |    502 |    434 |     68 |      0 |      0 |   3 |  167.3 |
       Dungeon |    502 |    434 |     68 |      0 |      0 |   3 |  167.3 |
               +--------+--------+--------+--------+--------+-----+--------+

Top non-repeatable levels by time:
     D:1: 273 daAuts
     D:2: 151 daAuts
     D:3: 77 daAuts
